 Dungeon Crawl Stone Soup version 0.19.4-9-g45fd643 (webtiles) character file.

91 LORDOFBUTT the Sneak (level 4, -1/21 HPs)
             Began as a Spriggan Enchanter on Feb 20, 2017.
             Slain by a gnoll
             ... wielding a +0 spear
              (7 damage)
             ... on level 2 of the Dungeon.
             The game lasted 00:02:04 (1295 turns).

LORDOFBUTT the Sneak (Spriggan Enchanter)           Turns: 1295, Time: 00:02:04

Health: -1/21      AC:  6    Str:  5    XL:     4   Next: 34%
Magic:  9/11       EV: 18    Int: 16    God:
Gold:   77         SH:  0    Dex: 16    Spells: 3 memorised, 6 levels left

rFire  . . .     SeeInvis +     m - +2 hand axe (venom)
rCold  . . .     Gourm    .     b - +1 robe
rNeg   . . .     Faith    .     (shield restricted)
rPois  .         Spirit   .     (helmet restricted)
rElec  .         Reflect  .     h - +2 cloak
rCorr  .         Harm     .     (gloves unavailable)
MR     .....                    (boots unavailable)
Stlth  +++.......               (no amulet)
                                (no ring)
                                (no ring)

@: very quick
A: unfitting armour, see invisible, herbivore 3, speed 3, slow metabolism 2
a: no special abilities


You were on level 2 of the Dungeon.
You were not hungry.

You visited 1 branch of the dungeon, and saw 2 of its levels.

You collected 77 gold pieces.

Inventory:

Hand Weapons
 a - a +1 dagger
 m - a +2 hand axe of venom (weapon)
Armour
 b - a +1 robe (worn)
 h - a +2 cloak (worn)
Jewellery
 n - a cursed ring of loudness {unknown}
Scrolls
 f - a scroll of enchant weapon {unknown}
 i - a scroll of amnesia {unknown}
 j - a scroll of noise {unknown}
 l - a scroll of enchant armour {unknown}
 r - a scroll of identify {unknown}
Potions
 e - a potion of invisibility {unknown}
 k - a potion of heal wounds {unknown}
 o - 3 potions of magic {unknown}
 p - a potion of degeneration {unknown}
 q - a potion of brilliance {unknown}
Books
 c - a book of Maledictions

   Spells                             Type                      Level
   a - Corona                         Hexes                        1
   b - Ensorcelled Hibernation        Hexes/Ice                    2
   c - Confuse                        Hexes                        3
   d - Tukima's Dance                 Hexes                        3
   e - Dazzling Spray                 Conjuration/Hexes            3
Comestibles
 d - 2 bread rations
 g - a slice of pizza


   Skills:
 - Level 1.1 Short Blades
 - Level 3.0 Dodging
 + Level 5.8 Stealth
 * Level 4.9 Spellcasting
 - Level 3.7 Hexes


You had 6 spell levels left.
You knew the following spells:

 Your Spells              Type           Power        Failure   Level  Hunger
a - Corona                Hex            ###....      4%          1    None
b - Ensorcelled Hibernat  Hex/Ice        #.....       12%         2    ##.....
c - Confuse               Hex            ###.....     12%         3    ###....


Dungeon Overview and Level Annotations

Branches:
Dungeon (2/15)

Altars:
Makhleb
Zin


Innate Abilities, Weirdness & Mutations

You are very small and have problems with some larger weapons.
You are too small for most types of armour.
You have supernaturally acute eyesight. (SInv)
You are a herbivore.
You cover ground extremely quickly.
You need consume almost no food.


Message History

The gnoll misses you.
You are too injured to fight recklessly!
Memorise Ensorcelled Hibernation, consuming 2 spell levels and leaving 9?
You start memorising the spell.
You continue memorising. x2
You finish memorising.
Spell assigned to 'b'.
Memorise Confuse, consuming 3 spell levels and leaving 6?
You start memorising the spell.
You continue memorising. x3
You finish memorising.
Spell assigned to 'c'.
Cast which spell? (? or * to list)
Okay, then.
You start resting.
You start resting.
Cast which spell? (? or * to list)
Aiming: Ensorcelled Hibernation
Press: ? - help, Shift-Dir - straight line, f - gnoll
Aim: a gnoll, wielding a spear (chance to defeat MR: 50%)
The gnoll looks drowsy...
The gnoll shouts!
You barely miss the gnoll. The gnoll hits you with a spear!
You die...

....# ####.......##### #.###
#.......g### #.### #g#.####.#####
....# #.#.# #.....# ....#####
#.#.# #####.# ..<.....# #.#.# #.#
....###.# #.#.############
....#.#.##########.#.............
#.##............@g.#...#..#..#..#
#.###.#.############.............
#.....#.# #...#..#..#..#
#####<#.# #............. #.#.#
#.############ #.#.# ##.## #.#.#
#...## #####.#.# #....##
........# #.....#


You could see a gnoll.

Vanquished Creatures
  5 adders (D:2)
  An ooze (D:1)
  2 dart slugs (D:1)
  2 bats (D:1)
  2 giant cockroaches
  3 goblins (D:2)
  6 hobgoblins
  2 jackals (D:2)
  4 kobolds
  A quokka (D:2)
  3 frilled lizards
  10 rats
41 creatures vanquished.

Notes
Turn   | Place    | Note
-------+----------+-------------------------------------------
     0 | D:1      | LORDOFBUTT the Spriggan Enchanter began the quest for the Orb.
     0 | D:1      | Reached XP level 1. HP: 9/9 MP: 5/5
   272 | D:1      | Reached XP level 2. HP: 12/13 MP: 7/7
   601 | D:1      | Reached skill level 5 in Stealth
   657 | D:2      | Reached XP level 3. HP: 16/16 MP: 7/9
   708 | D:2      | Found a burning altar of Makhleb.
   860 | D:2      | Reached XP level 4. HP: 16/21 MP: 11/11
  1030 | D:2      | Found a glowing silver altar of Zin.
  1264 | D:2      | Learned a level 2 spell: Ensorcelled Hibernation
  1268 | D:2      | Learned a level 3 spell: Confuse
  1295 | D:2      | Slain by a gnoll

Skill      XL: |  1  2 |
---------------+-------+-----
Spellcasting   | 3 4 |  4.9
Stealth        | 5 |  5.8
Short Blades   | |  1.1
Dodging        | |  3.0
Hexes          | |  3.7

Action                   |  1- 3 |  4- 6 || total
-------------------------+-------+-------++-------
Melee: Dagger            |    54 |       ||    54
       Hand axe          |    27 |    42 ||    69
 Cast: Ensorcelled Hiber |       |     1 ||     1
 Stab: Sleeping          |     9 |       ||     9
Armor: Robe              |    17 |    10 ||    27
Dodge: Dodged            |    62 |    34 ||    96
